 Dungeon Sprint DCSS version 0.30-a0-55-g90e3122c3a (webtiles) character file.

Game seed: 14300264463805644813

334 Conn the Arsonist (level 6, 0/38 HPs)
             Began as an Octopode Fire Elementalist on Sept 9, 2022.
             Was an Initiate of Sif Muna.
             Succumbed to a water moccasin's poison
             ... in the Dungeon (Sprint II: "The Violet Keep of Menkaure").
             The game lasted 00:02:36 (84 turns).

Conn the Arsonist (Octopode Fire Elementalist)        Turns: 84, Time: 00:02:36

Health: 0/38       AC:  1    Str:  7    XL:     6   Next: 53%
Magic:  7/14       EV: 14    Int: 20    God:    Sif Muna [......]
Gold:   243        SH:  0    Dex: 12    Spells: 3/16 levels left

rFire   . . .      SeeInvis .      - Unarmed
rCold   . . .      Faith    .    (no shield)
rNeg    . . .      Spirit   .    (helmet restricted)
rPois   .          Reflect  .    (no amulet)
rElec   .          Harm     .    (no ring)
rCorr   .          Rampage  .    (no ring)
Will    .....      NoTele   +    (no ring)
Stlth   ++++......               (no ring)
HPRegen 0.12/turn                (no ring)
MPRegen 0.14/turn                (no ring)
                                 (no ring)
                                 (no ring)

@: lethally poisoned (0 -> -3), very slightly contaminated
A: almost no armour, amphibious, 8 rings, camouflage 1, gelatinous body 1,
(nimble swimmer 1), tentacles
a: Renounce Religion


You were in the Dungeon.
You worshipped Sif Muna.
Sif Muna was noncommittal.
You visited 1 branch You collected 243 gold pieces.

Inventory:

Scrolls
 f - a scroll of blinking
Potions
 a - 2 potions of magic
 d - a potion of haste


   Skills:
 + Level 1.2 Fighting
 + Level 4.6 Dodging
 + Level 5.5 Stealth
 + Level 2.2 Unarmed Combat
 + Level 5.8 Spellcasting
 * Level 4.9 Conjurations
 + Level 9.4 Fire Magic


You had 3 spell levels left.
You knew the following spells:

 Your Spells              Type           Power      Damage    Failure   Level
a - Foxfire               Conj/Fire      100%       2x1d9     1%          1
b - Conjure Flame         Conj/Fire      34%        6-21      1%          3
c - Inner Flame           Hex/Fire       24%        N/A       4%          3
d - Flame Wave            Conj/Fire      34%        2d10      5%          4
e - Scorch                Fire           86%        2d9       1%          2

Your spell library contained the following spells:

 Spells                   Type           Power      Damage    Failure   Level


Dungeon Overview and Level Annotations

Branches:
Dungeon (1/1)

Altars:
Cheibriados
Dithmenos
Elyvilon
Fedhas
Gozag
Hepliaklqana
Kikubaaqudgha
Makhleb
Nemelex Xobeh
Okawaru
Qazlal
Ru
Sif Muna
Trog
Uskayaw
Vehumet
Wu Jian
Xom
Yredelemnul
Zin
The Shining One
Jiyva
Lugonu


Innate Abilities, Weirdness & Mutations

You cannot wear most types of armour.
You are amphibious.
You can wear up to eight rings at the same time.
Your skin changes colour to match your surroundings (Stealth+).
Your rubbery body absorbs attacks. (AC +1, EV +1)
((You are camouflaged when in or above water. (Stealth+)))
You have tentacles for arms and can constrict up to eight enemies at once.


Message History

Unknown command.
Unknown command.
Unknown command.
Okay, then.
Unknown command.
Casting: Scorch (safe; 1% risk of failure)
Confirm with . or Enter, or press ? or * to list all spells.
The spell is quite dangerous to miscast (9% risk of failure)!
Continue anyway?
Casting: Flame Wave (quite dangerous; 9% risk of failure)
Press: ? - help, Dir - look around, f - activate A wave of flame ripples out!
The flame wave engulfs the water moccasin!
The water moccasin is burned terribly!
The water moccasin is severely wounded. (Press . to intensify the flame waves.)
* * * LOW HITPOINT WARNING * * *
You feel sick.
The water moccasin barely misses you. x2
A wave of flame ripples out!
The flame wave engulfs the water moccasin.
The water moccasin is burned terribly!
The water moccasin is almost dead.
* * * LOW HITPOINT WARNING * * *
You feel sick. The water moccasin bites you.
* * * LOW HITPOINT WARNING * * *
Casting: Flame Wave (quite dangerous; 9% risk of failure)
Confirm with . or Enter, or press ? or * to list all spells.
Flames lash the water moccasin.
The water moccasin is burned terribly!
You kill the water moccasin!
Sif Muna accepts your kill.
* * * LOW HITPOINT WARNING * * *
You feel sick.
Your Fighting skill increases to level 1!
Your Unarmed Combat skill increases to level 2!
Your Fire Magic skill increases to level 9!
Okay, then.
Unknown command.
Unknown command.
Unknown command.
Unknown command.
You die...

...# ...# ###..## #.^#
$!? +# #.##..# +..#
▓$$)$[ .###†.#..# #..#
▓![$$? <†'†##'..### ..###
▓$!?:$
.###..#..§.###..§##▓▓▓▓▓▓
+# #.##......§§§§~~~~~~~~
###~~..§..~#§########+
#~~~~~~~..~#.@._._._#~
#~~§§~~~~.~#_._._._.#§
#~~~§§≈§§~~~#._._._._#§
~~~~~§§§§≈§~~#_._._._.#~
+++#~≈≈§§≈≈§~#._._._..#~
##§≈≈###§§#_._._...#~
#§§#._._....#§
#§§#.._.....#~
≈≈≈≈##########~


There were no monsters in sight!

Vanquished Creatures
  A water moccasin (D)
  4 scorpions (D)
5 creatures vanquished.

Vanquished Creatures (others)
  6 foxfires (D)
6 creatures vanquished.

Grand Total: 11 creatures vanquished

Notes
Turn   | Place    | Note
-------+----------+-------------------------------------------
     0 | D        | Conn the Octopode Fire Elementalist began the quest for the
                  | Orb.
     0 | D        | Reached XP level 1. HP: 11/11 MP: 3/3
     1 | D        | Noticed a scorpion
     1 | D        | Noticed a scorpion
     6 | D        | Killed a scorpion
     7 | D        | Reached skill level 6 in Fire Magic
     7 | D        | Reached XP level 2. HP: 14/17 MP: 3/6
     7 | D        | Reached XP level 3. HP: 17/21 MP: 4/8
     7 | D        | Reached XP level 4. HP: 23/27 MP: 4/9
    11 | D        | Killed a scorpion
    12 | D        | Reached skill level 1 in Unarmed Combat
    12 | D        | Reached skill level 7 in Fire Magic
    12 | D        | Reached XP level 5. HP: 9/31 MP: 4/11
    28 | D        | Reached skill level 5 in Stealth
    28 | D        | Reached skill level 8 in Fire Magic
    33 | D        | Learned a level 2 spell: Scorch
    37 | D        | Learned a level 3 spell: Conjure Flame
    41 | D        | Learned a level 3 spell: Inner Flame
    46 | D        | Learned a level 4 spell: Flame Wave
    52 | D        | Reached skill level 5 in Spellcasting
    52 | D        | Reached XP level 6. HP: 7/37 MP: 1/13
    61 | D        | Found a glowing golden altar of the Shining One.
    61 | D        | Found an ornate altar of the Wu Jian Council.
    62 | D        | Found a shimmering altar of Xom.
    62 | D        | Found a sacrificial altar of Ru.
    62 | D        | Found a stormy altar of Qazlal.
    63 | D        | Found a basalt altar of Yredelemnul.
    63 | D        | Found a shimmering blue altar of Sif Muna.
    63 | D        | Found a viscous altar of Jiyva.
    64 | D        | Found a glowing silver altar of Zin.
    64 | D        | Found a bloodstained altar of Trog.
    64 | D        | Found an ancient bone altar of Kikubaaqudgha.
    65 | D        | Found a hide-covered altar of Uskayaw.
    65 | D        | Found a corrupted altar of Lugonu.
    65 | D        | Found a shadowy altar of Dithmenos.
    66 | D        | Found a radiant altar of Vehumet.
    66 | D        | Found a burning altar of Makhleb.
    66 | D        | Found a white marble altar of Elyvilon.
    67 | D        | Found a sparkling altar of Nemelex Xobeh.
    67 | D        | Found a blossoming altar of Fedhas.
    69 | D        | Found an iron altar of Okawaru.
    69 | D        | Found an opulent altar of Gozag.
    69 | D        | Found a hazy altar of Hepliaklqana.
    69 | D        | Found a snail-covered altar of Cheibriados.
    69 | D        | Noticed a water moccasin
    74 | D        | Became a worshipper of Sif Muna the Loreminder
    82 | D        | HP: 1/37 [water moccasin (3)]
    83 | D        | Killed a water moccasin
    84 | D        | Reached skill level 1 in Fighting
    84 | D        | Reached skill level 9 in Fire Magic
    84 | D        | Succumbed to a water moccasin's poison

Illustrated notes

Levels and vault maps discovered:
D:        the_violet_keep_of_menkaure [sprint2_stairs_cluster_1,
          sprint2_shoproom, sprint2_temple, sprint2_basic_supplies,
          sprint2_obstacle_5, sprint2_obstacle_7, sprint2_obstacle_6,
          sprint2_obstacle_2, sprint2_obstacle_3, sprint2_timed_cluster_1,
          sprint2_smallroom_cluster_1, sprint2_smallroom_final_cluster_1,
          sprint2_transparent_cluster_1, sprint2_second_timed_cluster_1,
          sprint2_sniper_area_1, sprint2_heavy_combat_area_1,
          sprint2_mutation_trap_area_1, sprint2_forest_area_1,
          sprint2_light_combat_area_1, sprint2_behind_water_1,
          sprint2_near_end_vault_1]

Skill      XL: |  1  2  3  4  5  6 |
---------------+-------------------+-----
Dodging        | 3 4 |  4.6
Stealth        | 4 5 |  5.5
Spellcasting   | 3 4 5 |  5.8
Fire Magic     | 6 7 8 9 |  9.4
Unarmed Combat | 1 2 |  2.2
Conjurations   | 2 4 |  4.9
Fighting       | 1 |  1.2

Action                   |  1- 3 |  4- 6 || total
-------------------------+-------+-------++-------
Melee: Unarmed           |     3 |     7 ||    10
       Tentacles         |     1 |     3 ||     4
       Constrict         |     1 |     2 ||     3
       Punch             |       |     1 ||     1
 Cast: Scorch            |       |     5 ||     5
       Foxfire           |       |     3 ||     3
       Flame Wave        |       |     1 ||     1
  Use: Potion            |     1 |     3 ||     4
Armor: Skin              |       |     2 ||     2
Dodge: Dodged            |     1 |    12 ||    13

Table legend: (Time is in decaauts)
 A = Elapsed time spent in this place.
 B = Non-inter-level travel time spent in this place.
 C = Inter-level travel time spent in this place.
 D = Time resting spent in this place.
 E = Time spent auto-exploring this place.
 F = Levels seen in this place.
 G = Mean time per level.
                   A        B        C        D        E       F      G
               +--------+--------+--------+--------+--------+-----+--------+
         Total |     95 |     95 |      0 |      0 |      0 |   1 |   95.0 |
       Dungeon |     95 |     95 |      0 |      0 |      0 |   1 |   95.0 |
               +--------+--------+--------+--------+--------+-----+--------+

Top non-repeatable levels by time:
       D: 95 daAuts
